 Dungeon Crawl Stone Soup version 0.31.0-11-ge490571c62 (webtiles) character file.

Game seed: 13490232828974069530

1935 qw the Skirmisher (level 8, -1/46 HPs)
             Began as a Deep Elf Hunter on Feb 4, 2024.
             Was a Follower of Okawaru.
             Slain by a troll (8 damage)
             ... on level 6 of the Dungeon.
             The game lasted 00:00:16 (4465 turns).

qw the Skirmisher (Deep Elf Hunter)                 Turns: 4465, Time: 00:00:17

Health: -1/46      AC: 16    Str: 16    XL:     8   Next: 97%
Magic:  13/13      EV: 16    Int: 17    God:    Okawaru [*.....]
Gold:   242        SH:  0    Dex: 18    Spells: 7/7 levels left

rFire   . . .        m - +9 sling of the Countless Teeth {elec, rC+ Will- Str+6 Int+2}
rCold   + . .        (no shield)
rNeg    . . .        l - +1 ring mail "Wirhu Tedgh" {Will+ rCorr}
rPois   .            d - +0 helmet
rElec   .            (no cloak)
rCorr   +            (no gloves)
SInv    +            (no boots)
Will    .....        (no amulet)
Stlth   +++          f - ring of see invisible
HPRegen 0.27/turn    e - ring of the Tortoise {AC+8}
MPRegen 0.13/turn

%: no passive effects
@: heroic
A: no striking features
a: Renounce Religion, Heroism


You were on level 6 of the Dungeon.
You worshipped Okawaru.
Okawaru was aware of your devotion.
You visited 2 branches of the dungeon, and saw 7 of its levels.

You collected 242 gold pieces.


   Skills:
 - Level 3.3(8.3) Fighting
 - Level 13.3(18.3) Ranged Weapons
 - Level 1.3(6.3) Armour
 + Level 4.8(9.8) Dodging
 - Level 1.2(6.2) Stealth
 - Level 4.0 Invocations


You had 7 spell levels left.
You didn't know any spells.
Your spell library was empty.

Inventory:

Hand Weapons
 m - the +9 sling of the Countless Teeth (weapon) {elec, rC+ Will- Str+6 Int+2}
   (You found it on level 3 of the Dungeon)

   Str+6:     It affects your strength (+6).
   Int+2:     It affects your intelligence (+2).
   rC+:       It protects you from cold.
   Will-:     It decreases your willpower.
Armour
 d - a +0 helmet (worn)
 h - a +2 leather armour of cold resistance
 l - the +1 ring mail "Wirhu Tedgh" (worn) {Will+ rCorr}
   (You found it on level 4 of the Dungeon)

   Will+:     It increases your willpower.
   rCorr:     It protects you from acid and corrosion.
Jewellery
 e - the ring of the Tortoise (right hand) {AC+8}
   (You found it on level 3 of the Dungeon)

   [ring of protection]

   AC+8:      It affects your AC (+8).
 f - a ring of see invisible (left hand)
Wands
 a - a wand of mindburst (4)
 q - a wand of light (13)
 r - a wand of polymorph (5)
Scrolls
 c - a scroll of enchant armour {unknown}
 i - a scroll of brand weapon
Potions
 b - a potion of cancellation {unknown}
 g - 2 potions of curing
 k - 3 potions of enlightenment
 n - 2 potions of might

Dungeon Overview and Level Annotations

Branches:
Dungeon (6/15)             Temple (1/1) D:5

Altars:
Cheibriados
Dithmenos
Elyvilon
Fedhas
Gozag
Kikubaaqudgha
Makhleb
Nemelex Xobeh
Okawaru
Qazlal
Ru
Sif Muna
Trog
Uskayaw
Vehumet
Wu Jian
Xom
Yredelemnul
The Shining One

Annotations:
D:4 1 runed translucent door, Crazy Yiuf


Message History

The troll bites you!
The troll claws you but does no damage. x2
You shoot a sling bullet. The sling bullet hits the troll!
The troll is severely wounded.
You shoot a sling bullet. The sling bullet hits the troll!
The troll is almost dead.
The troll barely misses you. The troll claws you but does no damage.
The troll closely misses you.
You shoot a sling bullet. The sling bullet hits the troll!
You kill the troll!
Okawaru is honoured by your kill.
You hear the slow rusting of a very distant drain.
Your base Ranged Weapons skill increases to level 13!
You start resting.
A troll comes into view.
4453 ||| FLEEEEING.
4454 ||| FLEEEEING.
4455 ||| FLEEEEING.
You start resting.
A troll is nearby!
You shoot a sling bullet.
The sling bullet barely misses the troll.
The troll shouts!
You start resting.
A troll is nearby!
You shoot a sling bullet.
The sling bullet closely misses the troll.
An orc comes into view.
It is wielding a +0 whip and wearing a +0 leather armour of positive energy.
The troll bites you. The troll closely misses you.
The troll claws you but does no damage.
You shoot a sling bullet.
The sling bullet barely misses the troll.
You shoot a sling bullet. The sling bullet hits the troll.
Lightning courses through the troll!!
The troll is heavily wounded.
The troll bites you but does no damage. The troll barely misses you.
The troll completely misses you.
You shoot a sling bullet. The sling bullet hits the troll!
The troll is almost dead.
The troll bites you! The troll claws you!
You die...

7.7 77.......## 7.7
77..##...## # .}. ...#
##'## #. 77.7777..###.#
#.. 7.7.7.7 ..##.#
#..777. 7.77.777.##.####
#T....777.777....#.....#
#.....77...77...#)......
##....7@.#..7...)......#
##...To.##...#.#.#.#.##
##.....######.#.#.#.#
###...... ..#.....#
##############.### #.#
.#


You could see a troll and an orc.

Vanquished Creatures
  An unseen horror (D:6)
  A troll (D:6)
  Sigmund (D:4)
  2 ice beasts
  An ogre (D:5)
  A centaur (D:6)
  2 phantoms
  3 scorpions
  A howler monkey (D:3)
  2 bombardier beetles
  3 jellies (D:5)
  An orc priest (D:3)
  3 hounds (D:5)
  2 iguanas
  Jessica (D:2)
  2 orc wizards (D:4)
  7 adders
  A shadow imp (D:5)
  2 ribbon worms (D:4)
  21 orcs
  4 ball pythons
  9 endoplasms
  3 giant cockroaches
  5 goblins
  3 hobgoblins
  2 quokkas
  4 bats
  3 frilled lizards
  10 kobolds
  6 rats
107 creatures vanquished.

Notes
Turn   | Place    | Note
-------+----------+-------------------------------------------
     0 | D:1      | qw the Deep Elf Hunter began the quest for the Orb.
     0 | D:1      | Reached XP level 1. HP: 12/12 MP: 3/3
     0 | D:1      | 0 ||| qw: Version: 0.3-a-160-g6735b56
     0 | D:1      | 0 ||| qw: Game counter: 4923
     0 | D:1      | 0 ||| qw: Melee chars always use a shield: true
     0 | D:1      | 0 ||| qw: God list: Okawaru
     0 | D:1      | 0 ||| qw: Allow faded altars: false
     0 | D:1      | 0 ||| qw: Do Orc after clearing Dungeon:15 true
     0 | D:1      | 0 ||| qw: Do second Lair branch before Depths: true
     0 | D:1      | 0 ||| qw: Lair rune preference: random
     0 | D:1      | 0 ||| qw: Goals: Normal
     0 | D:1      | 0 ||| PLANNING D:1-11
   246 | D:1      | Reached skill level 6 in Ranged Weapons
   246 | D:1      | Reached XP level 2. HP: 11/16 MP: 4/4
   777 | D:1      | 777 ||| UPGRADING to +0 helmet.
   782 | D:1      | 782 ||| UPGRADING to ring of see invisible.
   783 | D:1      | 783 ||| READING scroll labelled ETYHENU OLINTE.
   784 | D:1      | 784 ||| DROPPING scroll of butterflies.
   826 | D:2      | Reached XP level 3. HP: 17/20 MP: 5/5
  1001 | D:2      | Noticed Jessica
  1005 | D:2      | Killed Jessica
  1006 | D:2      | Reached skill level 7 in Ranged Weapons
  1274 | D:2      | 1274 ||| UPGRADING to +0 ring mail.
  1284 | D:2      | 1284 ||| DROPPING +0 leather armour.
  1285 | D:2      | 1285 ||| UPGRADING to +2 leather armour of cold resistance.
  1295 | D:2      | 1295 ||| READING scroll labelled PUUVAPL EZITA.
  1295 | D:2      | 1295 ||| BRANDING +0 shortbow.
  1296 | D:2      | 1296 ||| READING scroll labelled FUASEO ARIUS.
  1334 | D:2      | 1334 ||| READING scroll labelled OJEDAVV YBRE.
  1359 | D:3      | Reached XP level 4. HP: 20/25 MP: 6/6
  1378 | D:3      | Found the ring of the Tortoise {AC+8}
  1503 | D:3      | Reached skill level 8 in Ranged Weapons
  1555 | D:3      | Reached XP level 5. HP: 29/29 MP: 7/7
  1755 | D:3      | Identified the +9 sling of the Countless Teeth {elec, rC+
                  | Will- Str+6 Int+2}
  1757 | D:3      | 1757 ||| SWAPPING to +9 sling of the Countless Teeth {elec,
                  | rC+ Will- Str+6 Int+2}.
  1758 | D:3      | 1758 ||| DROPPING +0 heavy shortbow.
  1932 | D:3      | Found a faded altar of an unknown god.
  2212 | D:3      | 2212 ||| UPGRADING to ring of the Tortoise {AC+8}.
  2213 | D:3      | 2213 ||| READING scroll labelled KEICZI MEAN.
  2214 | D:3      | 2214 ||| READING 3 scrolls labelled UCZIVO TOLEOR.
  2214 | D:3      | 2214 ||| IDENTIFYING metallic grey potion
  2215 | D:3      | 2215 ||| READING 2 scrolls of identify.
  2215 | D:3      | 2215 ||| IDENTIFYING bubbling amethyst potion
  2216 | D:3      | 2216 ||| READING scroll of identify.
  2216 | D:3      | 2216 ||| IDENTIFYING smoky pink potion
  2217 | D:3      | 2217 ||| DRINKING 2 lumpy brown potions.
  2218 | D:3      | 2218 ||| DROPPING potion of berserk rage.
  2220 | D:3      | 2220 ||| Stepping ~*~*~tactically~*~*~ (cloud).
  2317 | D:4      | Reached skill level 3 in Dodging
  2452 | D:4      | Noticed Sigmund
  2455 | D:4      | Killed Sigmund
  2456 | D:4      | Reached skill level 9 in Ranged Weapons
  2456 | D:4      | Reached XP level 6. HP: 28/34 MP: 8/8
  2608 | D:4      | Identified the +1 ring mail "Wirhu Tedgh" {Will+ rCorr}
  2670 | D:4      | Reached skill level 10 in Ranged Weapons
  2870 | D:4      | Found a runed translucent door.
  2871 | D:4      | Noticed Crazy Yiuf
  3326 | D:4      | Noticed an ice beast
  3330 | D:4      | Killed an ice beast
  3331 | D:4      | Reached XP level 7. HP: 40/40 MP: 9/9
  3557 | D:4      | 3557 ||| DROPPING +0 ring mail.
  3558 | D:4      | 3558 ||| UPGRADING to +1 ring mail "Wirhu Tedgh" {Will+
                  | rCorr}.
  3568 | D:4      | 3568 ||| READING 3 scrolls of identify.
  3568 | D:4      | 3568 ||| IDENTIFYING pink potion
  3569 | D:4      | 3569 ||| READING 2 scrolls of identify.
  3569 | D:4      | 3569 ||| IDENTIFYING 2 inky potions
  3570 | D:4      | 3570 ||| READING scroll of identify.
  3570 | D:4      | 3570 ||| IDENTIFYING 2 grey potions
  3571 | D:4      | 3571 ||| READING scroll labelled CAYRGH TULUXKAF.
  3672 | D:4      | 3672 ||| READING scroll labelled TALO TUAHOEH.
  3673 | D:4      | 3673 ||| DROPPING 2 potions of degeneration.
  3674 | D:4      | 3674 ||| DROPPING potion of attraction.
  3720 | D:5      | Entered Level 5 of the Dungeon
  3740 | D:5      | Found a staircase to the Ecumenical Temple.
  3741 | D:5      | 3741 ||| PLANNING TEMPLE
  3752 | Temple   | Entered the Ecumenical Temple
  3753 | Temple   | 3753 ||| PLANNING OKAWARU WORSHIP
  3770 | Temple   | Became a worshipper of Warmaster Okawaru
  3771 | Temple   | 3771 ||| PLANNING D:1-11
  3876 | D:5      | 3876 ||| FLEEEEING.
  3877 | D:5      | 3877 ||| FLEEEEING.
  3878 | D:5      | 3878 ||| FLEEEEING.
  3881 | D:5      | 3881 ||| FLEEEEING.
  3885 | D:5      | 3885 ||| FLEEEEING.
  3886 | D:5      | 3886 ||| FLEEEEING.
  3887 | D:5      | 3887 ||| FLEEEEING.
  3888 | D:5      | 3888 ||| FLEEEEING.
  3889 | D:5      | 3889 ||| FLEEEEING.
  3893 | D:5      | HP: 10/40 [ogre/+0 giant spiked club (30)]
  3894 | D:5      | 3894 ||| DRINKING potion of heal wounds.
  3896 | D:5      | Reached skill level 11 in Ranged Weapons
  3905 | D:5      | 3905 ||| FLEEEEING.
  3906 | D:5      | 3906 ||| FLEEEEING.
  3907 | D:5      | 3907 ||| FLEEEEING.
  3908 | D:5      | 3908 ||| FLEEEEING.
  3909 | D:5      | 3909 ||| FLEEEEING.
  3910 | D:5      | 3910 ||| FLEEEEING.
  3911 | D:5      | 3911 ||| FLEEEEING.
  3912 | D:5      | 3912 ||| FLEEEEING.
  3913 | D:5      | 3913 ||| FLEEEEING.
  3914 | D:5      | 3914 ||| FLEEEEING.
  3915 | D:5      | 3915 ||| FLEEEEING.
  3916 | D:5      | 3916 ||| FLEEEEING.
  3922 | D:5      | Reached skill level 1 in Armour
  4133 | D:5      | Reached XP level 8. HP: 44/44 MP: 10/10
  4143 | D:5      | Reached * piety under Okawaru
  4144 | D:5      | Reached skill level 12 in Ranged Weapons
  4295 | D:6      | 4295 ||| PLANNING SEWER
  4346 | D:6      | Noticed an unseen horror
  4349 | D:6      | 4349 ||| ZAPPING wand of light (17) at -1,2 (unseen horror;
                  | floor).
  4350 | D:6      | 4350 ||| ZAPPING wand of light (16) at 0,2 (unseen horror;
                  | floor).
  4351 | D:6      | 4351 ||| ZAPPING wand of light (15) at 0,2 (unseen horror;
                  | floor).
  4352 | D:6      | 4352 ||| ZAPPING wand of light (14) at 0,2 (unseen horror;
                  | floor).
  4353 | D:6      | Reached skill level 1 in Invocations
  4353 | D:6      | 4353 ||| INVOKING Heroism.
  4354 | D:6      | Killed an unseen horror
  4355 | D:6      | Reached skill level 3 in Fighting
  4355 | D:6      | Reached skill level 3 in Invocations
  4443 | D:6      | Noticed a troll
  4444 | D:6      | 4444 ||| INVOKING Heroism.
  4450 | D:6      | Killed a troll
  4451 | D:6      | Reached skill level 13 in Ranged Weapons
  4452 | D:6      | Noticed a troll
  4453 | D:6      | 4453 ||| FLEEEEING.
  4454 | D:6      | 4454 ||| FLEEEEING.
  4455 | D:6      | 4455 ||| FLEEEEING.
  4465 | D:6      | HP: 7/46 [troll (14)]
  4465 | D:6      | Slain by a troll

Levels and vault maps discovered:
D:1:      dpeg_arrival_rhombi, layout_basic
D:2:      layout_basic, uniq_jessica
D:3:      layout_basic, ebering_ecumenical_altar_hall, amethyst_killhole,
          dreamdust_princess_corridor
D:4:      layout_layer_cave, nicolae_elevator_lobby_plus, uniq_sigmund,
          uniq_crazy_yiuf_cottage
D:5:      layout_rooms, temple_pool_b
D:6:      layout_loops_corners, gup_sewer_entry_bowl, minmay_shop_grid_forest,
          kb_rosetta, uniq_grinder, uniq_prince_ribbit1, uniq_edmund
Temple:   hellmonk_temple_of_storms

Skill      XL: |  1  2  3  4  5  6  7  8 |
---------------+-------------------------+-----
Ranged Weapons | 6 7 8 9 10 11 13 | 13.3
Dodging        | 3 4 |  4.8
Fighting       | 2 3 |  3.3
Armour         | 1 |  1.3
Invocations    | 4 |  4.0
Stealth        | |  1.2

Action                     |  1- 3 |  4- 6 |  7- 9 || total
---------------------------+-------+-------+-------++-------
   Fire: Shortbow          |    73 |    27 |       ||   100
         Sling             |       |    60 |    88 ||   148
 Invoke: Heroism           |       |       |     2 ||     2
  Evoke: Wand              |       |       |     4 ||     4
    Use: Scroll            |     4 |     4 |     5 ||    13
         Potion            |       |     1 |     1 ||     2
 Armour: Leather armour    |    17 |    21 |       ||    38
         Ring mail         |       |       |    26 ||    26
  Dodge: Dodged            |    12 |    13 |    21 ||    46

Table legend:
 A = Non-vault XP
 B = Vault XP
 C = Vault XP percentage of total XP
 D = Non-vault monster count
 E = Vault monster count
 F = Vault count percentage of total count
                 A         B        C        D         E       F
            +---------+---------+-------+---------+---------+-------
      Total |    1668 |    1097 |  39.7 |     102 |       5 |   4.7
            +---------+---------+-------+---------+---------+-------
        D:1 |      23 |       0 |   0.0 |      14 |       0 |   0.0
        D:2 |      26 |      37 |  58.7 |      11 |       1 |   8.3
        D:3 |     148 |       0 |   0.0 |      24 |       0 |   0.0
        D:4 |     345 |     231 |  40.1 |      28 |       1 |   3.4
        D:5 |     699 |       0 |   0.0 |      16 |       0 |   0.0
        D:6 |     427 |     829 |  66.0 |       9 |       3 |  25.0
            +---------+---------+-------+---------+---------+-------
